 Dungeon Crawl Stone Soup version 0.28-a0-533-g9f97627e2a (webtiles) character file.

Game seed: 12696159909804758721

11508 fiend the Blocker (level 11, 89/89 HPs)
             Began as a Gnoll Fighter on Sept 25, 2021.
             Was an Initiate of Gozag.
             Quit the game on level 11 of the Dungeon.
             The game lasted 00:20:54 (16627 turns).

fiend the Blocker (Gnoll Fighter)                  Turns: 16627, Time: 00:20:55

Health: 89/89      AC: 19    Str: 18    XL:     11   Next: 78%
Magic:  20/20      EV: 12    Int:  9    God:    Gozag
Gold:   1328       SH:  7    Dex: 17    Spells: 23/23 levels left

rFire   . . .      SeeInvis .   r - +1 dagger (elec)
rCold   . . .      Faith    .   c - +0 buckler
rNeg    . . .      Spirit   .   D - +0 plate armour
rPois   .          Reflect  .   (no helmet)
rElec   .          Harm     .   f - +2 cloak
rCorr   .          Rampage  .   (no gloves)
Will    .....                   u - +0 pair of boots
Stlth   ..........              (no amulet)
HPRegen 0.24/turn               m - ring of the Crushed Friends {EV+4 Dex+6}
MPRegen 0.17/turn               g - ring of flight

@: flying
A: fangs 1, strong nose, distributed training
a: Renounce Religion, Potion Petition, Call Merchant, Bribe Branch


You were on level 11 of the Dungeon.
You worshipped Gozag.
Gozag was most pleased with you.
You visited 1 branch of the dungeon, and saw 11 of its levels.
You also visited: Ossuary.

You collected 1833 gold pieces.
You spent 90 gold pieces at shops.
You paid 415 gold pieces to Gozag.

Inventory:

Hand Weapons
 a - a +0 long sword
 e - a +2 dagger of draining
 r - a +1 dagger of electrocution (weapon)
 y - a +2 short sword of venom
 N - a +2 dagger of venom
Missiles
 o - 111 poisoned darts (quivered)
 F - 6 boomerangs
Armour
 b - a +0 scale mail
 c - a +0 buckler (worn)
 f - a +2 cloak (worn)
 u - a +0 pair of boots (worn)
 D - a +0 plate armour (worn)
Jewellery
 g - a ring of flight (right hand)
 j - a ring of ice
 m - the ring of the Crushed Friends (left hand) {EV+4 Dex+6}
   (You acquired it on level 10 of the Dungeon)

   [ring of evasion]

   EV:        It affects your evasion (+4).
   Dex:       It affects your dexterity (+6).
Wands
 p - a wand of paralysis (7)
 A - a wand of flame (41)
 G - a wand of iceblast (4)
Scrolls
 i - 5 scrolls of identify
 s - 2 scrolls of magic mapping
 t - 6 scrolls of teleportation
 v - 2 scrolls of immolation
 x - 3 scrolls of enchant weapon
 E - a scroll of holy word
 I - a scroll of amnesia
Potions
 d - 3 potions of might
 h - 3 potions of haste
 k - 2 potions of invisibility
 l - 2 potions of heal wounds
 n - 3 potions of resistance
 q - 4 potions of curing
 w - a potion of magic
 z - a potion of mutation
 B - a potion of ambrosia
 K - 3 potions of attraction
Miscellaneous
 L - a condenser vane (inert)


   Skills:
 + Level 9.4 Fighting
 + Level 6.6 Short Blades
 + Level 8.1 Long Blades
 + Level 6.6 Axes
 + Level 6.6 Maces & Flails
 + Level 6.6 Polearms
 + Level 6.6 Staves
 + Level 6.6 Slings
 + Level 6.6 Bows
 + Level 6.6 Crossbows
 + Level 6.6 Throwing
 + Level 9.4 Armour
 + Level 6.6 Dodging
 + Level 6.6 Stealth
 + Level 9.4 Shields
 + Level 6.6 Unarmed Combat
 + Level 6.6 Spellcasting
 + Level 5.5 Conjurations
 + Level 5.5 Hexes
 + Level 5.5 Summonings
 + Level 5.5 Necromancy
 + Level 5.5 Translocations
 + Level 5.5 Transmutations
 + Level 5.5 Fire Magic
 + Level 5.5 Ice Magic
 + Level 5.5 Air Magic
 + Level 5.5 Earth Magic
 + Level 5.5 Poison Magic
 + Level 7.2 Invocations
 + Level 6.6 Evocations


You had 23 spell levels left.
You didn't know any spells.
Your spell library contained the following spells:

 Spells                   Type           Power      Damage    Failure   Level
 Sublimation of Blood     Necr           6%         N/A       61%         2
 Wereblood                Tmut           12%        N/A       61%         2
 Summon Guardian Golem    Hex/Summ       12%        N/A       83%         3
 Orb of Destruction       Conj           6%         9d3       100%        7
 Spellforged Servitor     Conj/Summ      6%         N/A       100%        7
 Summon Hydra             Summ           6%         N/A       100%        7
 Chain Lightning          Conj/Air       6%         3d8       100%        9
 Fire Storm               Conj/Fire      6%         8d2       100%        9
 Shatter                  Erth           6%         3d9*      100%        9


Dungeon Overview and Level Annotations

Branches:
Dungeon (11/15)            Temple (0/1) D:7            Lair (0/6) D:11
    Orc (0/2) D:10        Ossuary (visited)

Altars:
Elyvilon
Gozag
Nemelex Xobeh
Uskayaw
Vehumet
Zin

Shops:
D:2 [   D:10 ?

Annotations:
D:5 3 runed translucent doors, AlleluiaPinecone's ghost, novice VSBr
D:11 1 exclusion


Innate Abilities, Weirdness & Mutations

You have very sharp teeth.
Your uncanny sense of smell can sniff out nearby items.
Your experience applies equally to all skills.


Message History

You completely miss the yak.
The yak bellows!
Your bite misses the yak.
The yak is no longer distracted by gold.
The yak closely misses you. The yak gores you!
You take 9 damage, and have 29/89 hp.
You hit the yak. Lightning courses through the yak! The yak barely misses you.
You hit the yak but do no damage. You bite the yak, but do no damage.
The yak gores you but does no damage.
You hit the yak but do no damage. Lightning courses through the yak!!
You kill the yak!
You hit the yak but do no damage. The yak gores you.
You take 2 damage, and have 28/89 hp.
You hit the yak but do no damage. Lightning courses through the yak!!
The yak gores you but does no damage.
You closely miss the yak.
Your plate armour prevents you from hitting the yak.
You block the yak's attack.
You hit the yak but do no damage. The yak barely misses you.
Your plate armour prevents you from hitting the yak.
You hit the yak. Lightning courses through the yak!
You kill the yak!
You start resting.
Health restored: 89 You now have 1237 gold pieces (gained 24).
You now have 1259 gold pieces (gained 22).
You now have 1300 gold pieces (gained 41).
You now have 1313 gold pieces (gained 13).
You now have 1328 gold pieces (gained 15).
You see here 6 large rocks.
You see here 25 arrows.
Found an escape hatch in the ceiling.
Found a staircase to the Lair.
There is a stone staircase leading up here.
Partly explored, can't reach some places.
Partly explored, can't reach some places.
Saving game... please wait.
Level annotation: 1 exclusion Welcome back, fiend the Gnoll Fighter.
Gozag says: Greed is good.

####...≈≈≈ ....≈≈
..... #....
######## ####..
###.......
#..#####...#####.
###.........## #.
#####...#########
#. #.....@.# #.
#.......# ##
#.......#
#########


There were no monsters in sight!

Vanquished Creatures
  A two-headed ogre (D:9)
  A necromancer (D:10)
  4 cyclopes
  A manticore (D:11)
  3 trolls
  2 shadows (D:11)
  7 yaks (D:11)
  A wraith (D:10)
  2 wyverns
  Eustachio (D:6)
  5 vampire mosquitoes (D:10)
  Menkaure (D:6)
  An acid dragon (D:8)
  A water moccasin (D:11)
  3 orc warriors
  2 ice beasts
  2 necrophages (D:7)
  3 sky beasts
  6 black bears
  3 ogres
  6 centaurs
  5 elf zombies (Ossuary)
  6 kobold brigands
  A bullfrog (D:11)
  4 scorpions
  A water moccasin skeleton (D:6)
  11 killer bees
  5 wights
  2 howler monkeys
  7 centaur zombies
  2 hounds (D:5)
  3 human zombies (Ossuary)
  A gnoll shaman (D:4)
  Jessica (D:3)
  4 iguanas
  4 orc wizards
  A hound skeleton (D:5)
  3 mummies (Ossuary)
  16 gnolls
  3 adders (D:4)
  2 shadow imps (D:7)
  A white imp (D:5)
  2 worms (D:4)
  2 dart slugs
  15 orcs
  9 ball pythons
  4 endoplasms
  A giant cockroach (D:3)
  9 goblins
  6 hobgoblins
  3 quokkas
  2 bats
  A frilled lizard (D:3)
  A jackal skeleton (D:4)
  27 kobolds
  4 rats (D:2)
225 creatures vanquished.

Vanquished Creatures (others)
  36 fungi
  40 plants
76 creatures vanquished.

Grand Total: 301 creatures vanquished

Notes
Turn   | Place    | Note
-------+----------+-------------------------------------------
     0 | D:1      | fiend the Gnoll Fighter began the quest for the Orb.
     0 | D:1      | Reached XP level 1. HP: 23/23 MP: 1/1
   193 | D:1      | Reached XP level 2. HP: 25/28 MP: 2/2
   898 | D:2      | Reached XP level 3. HP: 35/35 MP: 3/3
   905 | D:2      | Found Maoroot's Antique Armour Boutique.
  1033 | D:2      | Found a faded altar of an unknown god.
  1444 | D:3      | Reached skill level 1 in Invocations
  1602 | D:3      | Noticed Jessica
  1606 | D:3      | Killed Jessica
  1607 | D:3      | Reached skill level 1 in Short Blades
  1607 | D:3      | Reached skill level 1 in Axes
  1607 | D:3      | Reached skill level 1 in Maces & Flails
  1607 | D:3      | Reached skill level 1 in Polearms
  1607 | D:3      | Reached skill level 1 in Staves
  1607 | D:3      | Reached skill level 1 in Slings
  1607 | D:3      | Reached skill level 1 in Bows
  1607 | D:3      | Reached skill level 1 in Crossbows
  1607 | D:3      | Reached skill level 1 in Throwing
  1607 | D:3      | Reached skill level 1 in Dodging
  1607 | D:3      | Reached skill level 1 in Stealth
  1607 | D:3      | Reached skill level 1 in Unarmed Combat
  1607 | D:3      | Reached skill level 1 in Spellcasting
  1607 | D:3      | Reached skill level 1 in Evocations
  1607 | D:3      | Reached XP level 4. HP: 41/41 MP: 5/5
  1825 | D:4      | Reached skill level 1 in Conjurations
  1825 | D:4      | Reached skill level 1 in Hexes
  1825 | D:4      | Reached skill level 1 in Summonings
  1825 | D:4      | Reached skill level 1 in Necromancy
  1825 | D:4      | Reached skill level 1 in Translocations
  1825 | D:4      | Reached skill level 1 in Transmutations
  1825 | D:4      | Reached skill level 1 in Fire Magic
  1825 | D:4      | Reached skill level 1 in Ice Magic
  1825 | D:4      | Reached skill level 1 in Air Magic
  1825 | D:4      | Reached skill level 1 in Earth Magic
  1825 | D:4      | Reached skill level 1 in Poison Magic
  1917 | D:4      | Noticed a kobold brigand
  1925 | D:4      | Reached XP level 5. HP: 39/47 MP: 6/6
  1969 | D:4      | Killed a kobold brigand
  2235 | D:4      | Found a sand-covered staircase.
  2244 | Ossuary  | Entered an ossuary
  2263 | Ossuary  | Reached XP level 6. HP: 50/53 MP: 8/8
  2312 | Ossuary  | Reached skill level 5 in Long Blades
  2496 | Ossuary  | Reached XP level 7. HP: 44/59 MP: 10/10
  3173 | D:4      | Found an opulent altar of Gozag.
  3190 | D:4      | Reached XP level 8. HP: 67/67 MP: 12/12
  3194 | D:4      | Became a worshipper of Gozag Ym Sagoz the Greedy
  3413 | D:5      | Entered Level 5 of the Dungeon
  3577 | D:5      | Noticed a wyvern
  3589 | D:5      | Killed a wyvern
  3844 | D:5      | Found a radiant altar of Vehumet.
  4084 | D:5      | Found a runed translucent gate.
  4084 | D:5      | Found a runed translucent gate.
  4084 | D:5      | Found a runed translucent gate.
  4085 | D:5      | Noticed AlleluiaPinecone's ghost (novice VSBr)
  5296 | D:6      | Noticed Eustachio
  5296 | D:6      | Noticed Menkaure
  5325 | D:5      | Reached XP level 9. HP: 37/73 MP: 14/14
  5635 | D:6      | Killed Eustachio
  5643 | D:6      | Killed Menkaure
  6468 | D:7      | Found a staircase to the Ecumenical Temple.
  7580 | D:7      | Reached skill level 5 in Invocations
  7912 | D:8      | Found a hide-covered altar of Uskayaw.
  8564 | D:8      | You fall into a shaft and drop 3 floors!
  8570 | D:10     | Entered Level 10 of the Dungeon
  8611 | D:10     | Reached XP level 10. HP: 38/80 MP: 17/17
  8624 | D:10     | Reached skill level 5 in Short Blades
  8624 | D:10     | Reached skill level 5 in Axes
  8624 | D:10     | Reached skill level 5 in Maces & Flails
  8624 | D:10     | Reached skill level 5 in Polearms
  8624 | D:10     | Reached skill level 5 in Staves
  8624 | D:10     | Reached skill level 5 in Slings
  8624 | D:10     | Reached skill level 5 in Bows
  8624 | D:10     | Reached skill level 5 in Crossbows
  8624 | D:10     | Reached skill level 5 in Throwing
  8624 | D:10     | Reached skill level 5 in Dodging
  8624 | D:10     | Reached skill level 5 in Stealth
  8624 | D:10     | Reached skill level 5 in Unarmed Combat
  8624 | D:10     | Reached skill level 5 in Spellcasting
  8624 | D:10     | Reached skill level 5 in Evocations
  9319 | D:8      | Noticed a cyclops
  9337 | D:8      | Killed a cyclops
 10741 | D:8      | Found a sparkling altar of Nemelex Xobeh.
 10948 | D:9      | Noticed a two-headed ogre
 11409 | D:9      | Noticed a two-headed ogre
 11524 | D:9      | Killed a two-headed ogre
 13248 | D:10     | Reached XP level 11. HP: 85/87 MP: 19/19
 13279 | D:10     | Found Zin's Purification Station.
 13282 | D:10     | Found a glowing silver altar of Zin.
 13287 | D:10     | Bought a potion of curing for 90 gold pieces
 13332 | D:10     | Noticed a necromancer
 13355 | D:10     | Killed a necromancer
 13356 | D:10     | Reached skill level 5 in Conjurations
 13356 | D:10     | Reached skill level 5 in Hexes
 13356 | D:10     | Reached skill level 5 in Summonings
 13356 | D:10     | Reached skill level 5 in Necromancy
 13356 | D:10     | Reached skill level 5 in Translocations
 13356 | D:10     | Reached skill level 5 in Transmutations
 13356 | D:10     | Reached skill level 5 in Fire Magic
 13356 | D:10     | Reached skill level 5 in Ice Magic
 13356 | D:10     | Reached skill level 5 in Air Magic
 13356 | D:10     | Reached skill level 5 in Earth Magic
 13356 | D:10     | Reached skill level 5 in Poison Magic
 13677 | D:10     | Found a staircase to the Orcish Mines.
 13969 | D:10     | Found a white marble altar of Elyvilon.
 14051 | D:10     | Found Extomit's Magic Scroll Shop.
 14318 | D:10     | Identified a scroll of acquirement
 14318 | D:10     | Acquired the ring of the Crushed Friends {EV+4 Dex+6}
 14450 | D:11     | Noticed a cyclops
 14741 | D:11     | Killed a cyclops
 15034 | D:11     | Noticed a cyclops
 15039 | D:11     | Killed a cyclops
 15483 | D:11     | Noticed a manticore
 15503 | D:11     | Killed a manticore
 16082 | D:11     | Noticed a cyclops
 16094 | D:11     | Killed a cyclops
 16532 | D:11     | Found a staircase to the Lair.
 16627 | D:11     | Saving game... please wait.
 16627 | D:11     | Quit the game

Illustrated notes

Levels and vault maps discovered:
D:1:      minmay_arrival_wavy_path, layout_loops_ring
D:2:      layout_rooms, ebering_ecumenical_altar_webs, serial_shops, shop
D:3:      layout_basic, glass_columns_c, minmay_stone_trees_small, uniq_jessica
D:4:      layout_basic, mainiacjoe_overflow_concentric_impassable,
          nicolae_ossuary_entry_ruins, lightli_corner_chamber
D:5:      layout_basic, lemuel_doored_altar, gammafunk_ghost_nasty_kobolds,
          minmay_crystal_water
D:6:      layout_basic, minivault_22, uniq_eustachio, uniq_menkaure
D:7:      layout_loops_ring, minmay_temple_entry_stoned_glass, grunt_tough_drop
D:8:      layout_layer_cave, nemelex_diamond_rough_becter,
          nicolae_overflow_hidden_temple
D:9:      layout_basic
D:10:     layout_roguey, zin_purify, mainiacjoe_overflow_surrounded_room,
          serial_glass, glass_columns_a, glass_columns_b, serial_shops, shop,
          hangedman_decor_peaks_small, minmay_librarian
D:11:     layout_rooms, due_lair_maze_entry_diamond, tgw_sif

Skill      XL: |  1  2  3  4  5  6  7  8  9 10 11 |
---------------+----------------------------------+-----
Invocations    | 1 2 3 4 5 6 7 |  7.2
Short Blades   | 1 2 3 4 5 6 |  6.6
Axes           | 1 2 3 4 5 6 |  6.6
Maces & Flails | 1 2 3 4 5 6 |  6.6
Polearms       | 1 2 3 4 5 6 |  6.6
Staves         | 1 2 3 4 5 6 |  6.6
Slings         | 1 2 3 4 5 6 |  6.6
Bows           | 1 2 3 4 5 6 |  6.6
Crossbows      | 1 2 3 4 5 6 |  6.6
Throwing       | 1 2 3 4 5 6 |  6.6
Dodging        | 1 2 3 4 5 6 |  6.6
Stealth        | 1 2 3 4 5 6 |  6.6
Unarmed Combat | 1 2 3 4 5 6 |  6.6
Spellcasting   | 1 2 3 4 5 6 |  6.6
Evocations     | 1 2 3 4 5 6 |  6.6
Conjurations   | 1 2 3 4 5 |  5.5
Hexes          | 1 2 3 4 5 |  5.5
Summonings     | 1 2 3 4 5 |  5.5
Necromancy     | 1 2 3 4 5 |  5.5
Translocations | 1 2 3 4 5 |  5.5
Transmutations | 1 2 3 4 5 |  5.5
Fire Magic     | 1 2 3 4 5 |  5.5
Ice Magic      | 1 2 3 4 5 |  5.5
Air Magic      | 1 2 3 4 5 |  5.5
Earth Magic    | 1 2 3 4 5 |  5.5
Poison Magic   | 1 2 3 4 5 |  5.5
Long Blades    | 5 6 7 8 |  8.1
Fighting       | 7 8 9 |  9.4
Armour         | 7 8 9 |  9.4
Shields        | 7 8 9 |  9.4

Action                   |  1- 3 |  4- 6 |  7- 9 | 10-12 || total
-------------------------+-------+-------+-------+-------++-------
Melee: Dagger            |    87 |    74 |       |   243 ||   404
       Long sword        |     5 |    92 |   153 |    73 ||   323
       Bite              |     6 |    21 |    68 |    80 ||   175
       Short sword       |       |       |   388 |   244 ||   632
Throw: Dart              |       |     2 |    15 |    15 ||    32
Invok: Potion Petition   |       |       |     1 |       ||     1
Evoke: Condenser vane    |       |       |       |     1 ||     1
  Use: Scroll            |       |     3 |     6 |    16 ||    25
       Potion            |       |     1 |     1 |     1 ||     3
 Stab: Distracted        |       |       |       |     1 ||     1
Armor: Scale mail        |    31 |    68 |   120 |       ||   219
       Plate armour      |       |       |   128 |   279 ||   407
Dodge: Dodged            |    29 |    46 |   165 |   199 ||   439
Block: Buckler           |    20 |    34 |   117 |   170 ||   341

Table legend: (Time is in decaauts)
 A = Elapsed time spent in this place.
 B = Non-inter-level travel time spent in this place.
 C = Inter-level travel time spent in this place.
 D = Time resting spent in this place.
 E = Time spent auto-exploring this place.
 F = Levels seen in this place.
 G = Mean time per level.
                   A        B        C        D        E       F      G
               +--------+--------+--------+--------+--------+-----+--------+
         Total |  16556 |  16116 |    440 |   5339 |   8225 |  12 | 1379.7 |
       Dungeon |  15831 |  15391 |    440 |   5058 |   8060 |  11 | 1439.2 |
       Ossuary |    724 |    724 |      0 |    281 |    165 |   1 |  724.0 |
               +--------+--------+--------+--------+--------+-----+--------+

Top non-repeatable levels by time:
    D:10: 2481 daAuts
     D:8: 2354 daAuts
     D:5: 2067 daAuts
     D:9: 1897 daAuts
    D:11: 1655 daAuts
     D:7: 1471 daAuts
     D:6: 1196 daAuts
     D:4: 908 daAuts
 Ossuary: 724 daAuts
     D:1: 666 daAuts
     D:3: 626 daAuts
     D:2: 507 daAuts
